 Dungeon Crawl Stone Soup version 0.21.1-1-g345015f (webtiles) character file.

63 inc the Chiller (level 4, 0/27 HPs)
             Began as an Octopode Ice Elementalist on June 13, 2018.
             Succumbed to a worker ant's poison
             ... on level 2 of the Dungeon.
             The game lasted 00:02:27 (1264 turns).

inc the Chiller (Octopode Ice Elementalist)         Turns: 1264, Time: 00:02:28

Health: 0/27       AC:  1    Str:  6 (9)  XL:     4   Next: 10%
Magic:  7/7        EV: 13    Int: 21 (23) God:
Gold:   55         SH:  0    Dex: 11 (12) Spells: 6/7 levels left

rFire    + . .     SeeInvis .   (no weapon)
rCold    . . .     Gourm    .   (no shield)
rNeg     . . .     Faith    .   (helmet restricted)
rPois    +         Spirit   .   (no amulet)
rElec    .         Reflect  .   e - ring of poison resistance
rCorr    .         Harm     .   j - ring of stealth
MR       .....                  (no ring)
Stlth    ++++......             (no ring)
HPRegen  0.09/turn              (no ring)
MPRegen  0.10/turn              (no ring)
                                (no ring)
                                (no ring)

@: brilliant, lethally poisoned (0 -> -3)
A: almost no armour, stealthy swim, amphibious, 8 rings, constrict 8, camouflage
1, fire resistance 1, strong 1, gelatinous body 1
a: no special abilities


You were on level 2 of the Dungeon.
You were not hungry.

You visited 1 branch of the dungeon, and saw 2 of its levels.

You collected 55 gold pieces.

Inventory:

Jewellery
 e - a ring of poison resistance (left tentacle)
 j - a ring of stealth (right tentacle)
Scrolls
 g - 2 scrolls of identify {unknown}
 h - a scroll of enchant armour {unknown}
Potions
 i - a potion of degeneration
 l - a potion of brilliance
Books
 a - a book of Frost

   Spells                             Type                      Level
   a - Freeze                         Ice                          1
   b - Throw Frost                    Conjuration/Ice              2
   c - Ozocubu's Armour               Charms/Ice                   3
   d - Throw Icicle                   Conjuration/Ice              4
   e - Summon Ice Beast               Ice/Summoning                4
Comestibles
 b - 4 rations


   Skills:
 - Level 2.0 Dodging
 - Level 2.6 Stealth
 - Level 2.0 Spellcasting
   Level 1.0 Conjurations
 + Level 4.8 Ice Magic


You had 6 spell levels left.
You knew the following spells:

 Your Spells              Type           Power        Failure   Level  Hunger
a - Freeze                Ice            ####         1%          1    #......


Dungeon Overview and Level Annotations

Branches:
Dungeon (2/15)

Altars:


Innate Abilities, Weirdness & Mutations

You cannot wear most types of armour.
You are very stealthy in the water. (Stealth+)
You are amphibious.
You can wear up to eight rings at the same time.
You can use your tentacles to constrict eight enemies at once.
Your skin changes colour to match your surroundings (Stealth+).
Your rubbery body absorbs attacks. (AC +1, EV +1)
Your flesh is heat resistant. (rF+)
Your muscles are strong. (Str +2)


Message History

* * * LOW HITPOINT WARNING * * *
You feel sick.
It was a potion of brilliance.
You feel clever all of a sudden.
* * * LOW HITPOINT WARNING * * *
You feel sick.
It was a potion of mutation.
You feel extremely strange.
You feel stronger.
You feel resistant to heat.
* * * LOW HITPOINT WARNING * * *
You feel sick.
* * * LOW HITPOINT WARNING * * *
You feel sick.
* * * LOW HITPOINT WARNING * * *
You feel sick.
* * * LOW HITPOINT WARNING * * *
You feel sick.
Okay, then.
* * * LOW HITPOINT WARNING * * *
You feel sick.
You die...

#$<.# #####...## ..........
..).... ...... ####...####
#.....>...# #.....@...#
###.........# #..........##
#.##........# ##
###.##.....#..# ...
....#..#.##..#
#..###........#..######
#..#....#.............######
#..#.#..#.....≈≈..≈...[≈≈≈.#


There were no monsters in sight!

Vanquished Creatures
  A worker ant (D:2)
  3 oozes (D:1)
  A leopard gecko (D:2)
  6 giant cockroaches
  3 goblins (D:1)
  2 hobgoblins (D:1)
  2 jackals (D:1)
  A bat (D:1)
  A kobold (D:1)
  7 rats (D:1)
27 creatures vanquished.

Notes
Turn   | Place    | Note
-------+----------+-------------------------------------------
     0 | D:1      | inc the Octopode Ice Elementalist began the quest for the Orb.
     0 | D:1      | Reached XP level 1. HP: 11/11 MP: 3/3
     1 | D:1      | Found a runed door.
   255 | D:1      | Reached XP level 2. HP: 17/17 MP: 5/5
   572 | D:2      | Reached skill level 4 in Ice Magic
   798 | D:1      | Reached XP level 3. HP: 21/21 MP: 4/6
  1211 | D:2      | Found a faded altar of an unknown god.
  1241 | D:2      | Reached XP level 4. HP: 9/27 MP: 4/7
  1247 | D:2      | Gained mutation: Your muscles are strong. (Str +2) [potion of mutation]
  1247 | D:2      | Gained mutation: Your flesh is heat resistant. (rF+) [potion of mutation]
  1256 | D:2      | HP: 1/27 [poisoned by a worker ant]
  1264 | D:2      | Succumbed to a worker ant's poison

Skill      XL: |  1  2 |
---------------+-------+-----
Ice Magic      | 4 |  4.8
Dodging        | |  2.0
Stealth        | |  2.6
Spellcasting   | |  2.0
Conjurations   | |  1.0

Action                   |  1- 3 |  4- 6 || total
-------------------------+-------+-------++-------
Melee: Unarmed           |    40 |       ||    40
       Constrict         |    14 |       ||    14
       Tentacles         |     7 |       ||     7
 Cast: Freeze            |    25 |     1 ||    26
  Use: Potion            |       |     6 ||     6
 Stab: Sleeping          |     7 |       ||     7
  Eat: Chunk             |     1 |       ||     1
Armor: Skin              |     7 |       ||     7
Dodge: Dodged            |    27 |       ||    27
